 Dungeon Crawl Stone Soup version 0.28-a0-1493-g08698888e4 (webtiles) character file.

Game seed: 15913868180751928453

37 funkygono the Firebug (level 3, -1/29 HPs)
             Began as a Human Cinder Acolyte on Jan 12, 2022.
             Was a High Priest of Ignis.
             Slain by Sigmund (4 damage)
             ... on level 2 of the Dungeon.
             The game lasted 00:02:34 (1278 turns).

funkygono the Firebug (Human Cinder Acolyte)        Turns: 1278, Time: 00:02:35

Health: -1/29      AC:  7    Str: 16    XL:     3   Next: 60%
Magic:  2/5        EV: 11    Int: 14    God:    Ignis [*****.]
Gold:   64         SH:  0    Dex:  8    Spells: 2/4 levels left

rFire   + + .      SeeInvis .   a - -1 falchion (flame)
rCold   . . .      Faith    .   (no shield)
rNeg    . . .      Spirit   .   c - +1 leather armour {rF+}
rPois   .          Reflect  +   e - +1 helmet
rElec   .          Harm     .   h - +0 cloak
rCorr   .          Rampage  .   (no gloves)
Will    .....                   (no boots)
Stlth   ..........              g - amulet of reflection
HPRegen 0.09/turn               (no ring)
MPRegen 0.09/turn               (no ring)

@: confused
A: no striking features
a: Renounce Religion, Fiery Armour, Foxfire Swarm, Rising Flame


You were on level 2 of the Dungeon.
You worshipped Ignis.
Ignis was extremely pleased with you.
You visited 1 branch of the dungeon, and saw 2 of its levels.

You collected 64 gold pieces.

Inventory:

Hand Weapons
 a - a -1 falchion of flaming (weapon)
Armour
 b - a +0 robe
 c - a +1 leather armour of fire resistance (worn)
 d - a +0 ring mail
 e - a +1 helmet (worn)
 h - a +0 cloak (worn)
Jewellery
 g - an amulet of reflection (around neck)
Potions
 f - a potion of resistance


   Skills:
 + Level 3.2 Fighting
 + Level 3.4 Long Blades
 + Level 0.3 Dodging
 + Level 1.4 Spellcasting
 + Level 3.5 Fire Magic


You had 2 spell levels left.
You knew the following spells:

 Your Spells              Type           Power      Damage    Failure   Level
a - Scorch                Fire           20%        2d6       11%         2

Your spell library contained the following spells:

 Spells                   Type           Power      Damage    Failure   Level


Dungeon Overview and Level Annotations

Branches:
Dungeon (2/15)

Altars:

Annotations:
D:2 Sigmund


Message History

You feel resistant to fire.
Sigmund is nearby!
Sigmund shouts!
Casting: Scorch (safe; 11% risk of failure)
Confirm with . or Enter, or press ? or * to list all spells.
Okay, then.
Casting: Scorch (safe; 11% risk of failure)
Confirm with . or Enter, or press ? or * to list all spells.
Flames lash Sigmund.
Sigmund is lightly wounded.
Sigmund's fire resistance burns away.
Casting: Scorch (safe; 11% risk of failure)
Confirm with . or Enter, or press ? or * to list all spells.
Flames lash Sigmund.
Sigmund is burned terribly!
Sigmund is moderately wounded.
Sigmund hits you from afar with a +0 scythe.
You hit Sigmund. You burn Sigmund.
Sigmund is severely wounded.
Sigmund hits you but does no damage.
You closely miss Sigmund.
Sigmund is severely wounded.
Sigmund mumbles some strange words.
Sigmund flickers and vanishes!
Deactivating autopickup; reactivate with Ctrl-A.
You hit something. You burn something. Something hits you!
You hit something but do no damage. Something hits you!
You miss something. You miss something. Something barely misses you.
You hit something. You burn something.
You hear some strange, mumbled words.
A magic dart appears from out of thin air!
The magic dart hits you!
* * * LOW HITPOINT WARNING * * *
You hear some strange, mumbled words.
You are confused.
A magic dart appears from out of thin air!
The magic dart hits you but does no damage.
You're too confused to move!
Something hits you.
You die...

################
###.......@......#
........{......#.###.###
###.##########...(.....#
###.###...# #<....#...
####### #


There were no monsters in sight!

Vanquished Creatures
  3 ball pythons (D:1)
  5 endoplasms
  8 goblins (D:1)
  3 hobgoblins (D:1)
  3 quokkas (D:1)
  3 bats (D:1)
  4 frilled lizards (D:1)
  A kobold (D:1)
  2 rats (D:1)
32 creatures vanquished.

Notes
Turn   | Place    | Note
-------+----------+-------------------------------------------
     0 | D:1      | funkygono the Human Cinder Acolyte began the quest for the
                  | Orb.
     0 | D:1      | Reached XP level 1. HP: 18/18 MP: 2/2
    59 | D:1      | Reached XP level 2. HP: 19/24 MP: 3/3
    62 | D:1      | Learned a level 2 spell: Scorch
   399 | D:1      | Reached XP level 3. HP: 29/29 MP: 1/4
  1010 | D:2      | Noticed Sigmund
  1278 | D:2      | Slain by Sigmund

Illustrated notes

Levels and vault maps discovered:
D:1:      dpeg_arrival_court, layout_basic
D:2:      layout_loops_ring, bh_walls_and_bars, uniq_jessica, uniq_sigmund

Action                   || total
-------------------------++-------
Melee: Falchion          ||    48
 Cast: Scorch            ||    21
Invok: Fiery Armour      ||     1
  Use: Scroll            ||     3
Armor: Robe              ||    14
       Leather armour    ||     2
       Ring mail         ||     1
Dodge: Dodged            ||    20
Block: Other             ||     7

Table legend: (Time is in decaauts)
 A = Elapsed time spent in this place.
 B = Non-inter-level travel time spent in this place.
 C = Inter-level travel time spent in this place.
 D = Time resting spent in this place.
 E = Time spent auto-exploring this place.
 F = Levels seen in this place.
 G = Mean time per level.
                   A        B        C        D        E       F      G
               +--------+--------+--------+--------+--------+-----+--------+
         Total |   1284 |   1263 |     21 |     74 |    811 |   2 |  642.0 |
       Dungeon |   1284 |   1263 |     21 |     74 |    811 |   2 |  642.0 |
               +--------+--------+--------+--------+--------+-----+--------+

Top non-repeatable levels by time:
     D:1: 1126 daAuts
     D:2: 158 daAuts
